 Dungeon Sprint DCSS version 0.27-a0-249-g74f53ef629 (webtiles) character file.

Game seed: 8418528872095465857

5563 sahdkjhfkaj the Unseen (level 10, 0/71 HPs)
             Began as a Vampire Enchanter on Feb 3, 2021.
             Was the Champion of Dithmenos.
             Slain by an ufetubus (1 damage)
             ... summoned by a ynoxinul
             ... in the Dungeon (Sprint VII: "The Pits").
             The game lasted 00:04:25 (1247 turns).

sahdkjhfkaj the Unseen (Vampire Enchanter)          Turns: 1247, Time: 00:04:26

Health: 0/71       AC:  2    Str: 10    XL:     10   Next: 44%
Magic:  1/13       EV: 14    Int: 21    God:    Dithmenos [******]
Gold:   0          SH:  0    Dex: 18    Spells: 7/13 levels left

rFire    . . .     SeeInvis +   a - +2 rapier (venom)
rCold    + + .     Faith    .   (no shield)
rNeg     + + +     Spirit   .   b - +0 robe
rPois    ∞         Reflect  .   (no helmet)
rElec    .         Harm     .   (no cloak)
rCorr    .         Rampage  .   (no gloves)
Will     +....     NoTele   +   (no boots) Stlth ********++
                                (no amulet)
HPRegen  0.00/turn              m - +3 ring of intelligence
MPRegen  0.13/turn              n - +3 ring of strength

@: bloodless, wreathed by umbra
A: fangs 3, see invisible, unbreathing
a: Bat Form, Revivify, Renounce Religion, Shadow Step, Shadow Form


You were in the Dungeon.
You worshipped Dithmenos.
Dithmenos was exalted by your worship.
You visited 1 branch

Inventory:

Hand Weapons
 a - a +2 rapier of venom (weapon)
Armour
 b - a +0 robe (worn)
Jewellery
 m - a +3 ring of intelligence (left hand)
 n - a +3 ring of strength (right hand)
Scrolls
 j - 3 scrolls of remove curse
 k - 5 scrolls of amnesia
 l - a scroll of summoning {!r}
Potions
 c - 2 potions of invisibility
 d - 8 potions of curing
 e - 10 potions of heal wounds
 f - 2 potions of haste
 g - 4 potions of magic
 h - 3 potions of berserk rage
 o - 2 potions of resistance
 p - a potion of brilliance
 q - a potion of mutation


   Skills:
 - Level 11.8 Fighting
 - Level 14.0 Short Blades
 - Level 4.0 Dodging
 + Level 19.0 Stealth
 - Level 2.0 Spellcasting
 - Level 10.5 Hexes
 - Level 8.1 Ice Magic


You had 7 spell levels left.
You knew the following spells:

 Your Spells              Type           Power        Failure   Level
a - Ensorcelled Hibernat  Hex/Ice        82%          1%          2
c - Corona                Hex            51%          1%          1
C - Confusing Touch       Hex            46%          1%          3

Your spell library contained the following spells:

 Spells                   Type           Power        Failure   Level
 Tukima's Dance           Hex            46%          1%          3
 Dazzling Flash           Conj/Hex       48%          4%          3


Dungeon Overview and Level Annotations

Branches:
Dungeon (1/1)

Altars:
Ashenzari
Cheibriados
Dithmenos
Elyvilon
Fedhas
Gozag
Hepliaklqana
Kikubaaqudgha
Makhleb
Nemelex Xobeh
Okawaru
Qazlal
Ru
Sif Muna
Trog
Uskayaw
Vehumet
Wu Jian
Xom
Yredelemnul
Zin
The Shining One
Beogh
Jiyva
Lugonu


Innate Abilities, Weirdness & Mutations

You do not regenerate when monsters are visible.
You are frail without blood (-20% HP).
You can heal yourself when you bite living creatures.
You are immune to poison.
You have razor-sharp teeth.
You have supernaturally acute eyesight. (SInv)
You can survive without breathing.


Message History

Casting: Confusing Touch (safe; 1% risk of failure)
Confirm with . or Enter, or press ? or * to list all spells.
You can't see any susceptible monsters within range! (Use Z to cast anyway.)
Casting: Confusing Touch (safe; 1% risk of failure)
Confirm with . or Enter, or press ? or * to list all spells.
Your hands begin to glow red.
The ufetubus misses you. The ufetubus hits you.
* * * LOW HITPOINT WARNING * * *
The ynoxinul gestures.
You barely miss the ynoxinul.
Your shadow closely misses the ynoxinul.
The ufetubus hits you.
* * * LOW HITPOINT WARNING * * *
The ufetubus barely misses you.
Unknown command.
Unknown command.
Unknown command.
Unknown command.
You hit the ynoxinul but do no damage.
The ynoxinul appears confused.
The ufetubus completely misses you. The ufetubus hits you.
You die...

############ #_________.#
#_________.#
#_______...###########++##
##########'##.............
#.?(.')))55##......#..#...
##########5##.............
#......)5@35N.............
#'#####'#####......#..#...
#.#..#...'.##.)...........
#.#..#...#.#####)#####''##
#.#..#####.##.§§§§..##''#
#.#..'..†#)##.§N§...##..#
#.#..'...'.##.......##..##
#.#..########...<...##..##
#.#..'[))).##.......##..##


You could see a ynoxinul (confused), a naga and 4 ufetubi.

Vanquished Creatures
  A hydra (D)
  A shadow wraith (D)
  A sea snake (D)
  A deep elf pyromancer (D)
  A deep elf zephyrmancer (D)
  A naga mage (D)
  A cane toad (D)
  A freezing wraith (D)
  A red devil (D)
  A guardian mummy (D)
  A polar bear (D)
  3 nagas (D)
  An acid dragon (D)
  A soldier ant (D)
  3 floating eyes (D)
  A sky beast (D)
  Purgy (D)
  A necrophage (D)
  An ogre (D)
  Blork the orc (D)
  A gnoll sergeant (D)
  A hound (D)
  A jelly (D)
  An iguana (D)
  A worker ant (D)
  3 gnolls (D)
  A leopard gecko (D)
  A bat skeleton (D)
  A giant cockroach (D)
  A goblin (D)
  A hobgoblin (D)
  3 quokkas (D)
  A ball python skeleton (D)
  2 frilled lizards (D)
  A rat (D)
44 creatures vanquished.

Notes
Turn   | Place    | Note
-------+----------+-------------------------------------------
     0 | D        | sahdkjhfkaj the Vampire Enchanter began the quest for the
                  | Orb.
     0 | D        | Reached XP level 1. HP: 13/13 MP: 3/3
    20 | D        | Found a bloodstained altar of Trog.
    20 | D        | Found a shimmering blue altar of Sif Muna.
    20 | D        | Found a viscous altar of Jiyva.
    20 | D        | Found a hazy altar of Hepliaklqana.
    20 | D        | Found an opulent altar of Gozag.
    21 | D        | Found a glowing golden altar of the Shining One.
    21 | D        | Found a glowing silver altar of Zin.
    21 | D        | Found a basalt altar of Yredelemnul.
    21 | D        | Found a shimmering altar of Xom.
    21 | D        | Found an ornate altar of the Wu Jian Council.
    21 | D        | Found a sacrificial altar of Ru.
    21 | D        | Found a stormy altar of Qazlal.
    21 | D        | Found an iron altar of Okawaru.
    21 | D        | Found a sparkling altar of Nemelex Xobeh.
    21 | D        | Found a burning altar of Makhleb.
    21 | D        | Found a blossoming altar of Fedhas.
    21 | D        | Found a white marble altar of Elyvilon.
    21 | D        | Found a shadowy altar of Dithmenos.
    21 | D        | Found a snail-covered altar of Cheibriados.
    22 | D        | Found a radiant altar of Vehumet.
    22 | D        | Found a corrupted altar of Lugonu.
    22 | D        | Found a roughly hewn altar of Beogh.
    23 | D        | Found an ancient bone altar of Kikubaaqudgha.
    23 | D        | Found a hide-covered altar of Uskayaw.
    23 | D        | Found a broken altar of Ashenzari.
    28 | D        | Became a worshipper of Dithmenos the Shadowed
    63 | D        | Reached skill level 5 in Stealth
    63 | D        | Reached skill level 5 in Hexes
   189 | D        | Noticed a floating eye
   190 | D        | Noticed a worker ant
   191 | D        | Killed a worker ant
   191 | D        | Reached * piety under Dithmenos
   192 | D        | Reached skill level 7 in Stealth
   192 | D        | Reached XP level 2. HP: 14/15 MP: 5/5
   194 | D        | Killed a floating eye
   195 | D        | Reached skill level 11 in Stealth
   195 | D        | Reached skill level 10 in Hexes
   195 | D        | Reached XP level 3. HP: 17/19 MP: 6/6
   195 | D        | Reached XP level 4. HP: 22/24 MP: 7/7
   198 | D        | Learned a level 2 spell: Ensorcelled Hibernation
   235 | D        | Reached ** piety under Dithmenos
   241 | D        | Reached skill level 1 in Ice Magic
   243 | D        | Reached XP level 5. HP: 28/28 MP: 3/8
   349 | D        | Noticed a sky beast
   351 | D        | Noticed a necrophage
   353 | D        | Killed a necrophage
   355 | D        | Reached *** piety under Dithmenos
   358 | D        | Reached XP level 6. HP: 32/32 MP: 9/9
   379 | D        | Killed a sky beast
   388 | D        | Reached **** piety under Dithmenos
   397 | D        | Noticed a red devil
   399 | D        | Killed a red devil
   400 | D        | Reached skill level 10 in Short Blades
   400 | D        | Reached XP level 7. HP: 36/36 MP: 10/10
   409 | D        | Reached ***** piety under Dithmenos
   426 | D        | HP: 2/41 [ogre/+0 giant club (19)]
   457 | D        | Reached skill level 5 in Fighting
   683 | D        | Noticed a deep elf pyromancer
   683 | D        | Noticed a cane toad
   684 | D        | Noticed Purgy
   690 | D        | Killed a cane toad
   691 | D        | Reached XP level 8. HP: 53/53 MP: 8/11
   692 | D        | Killed Purgy
   694 | D        | Killed a deep elf pyromancer
   695 | D        | Reached skill level 10 in Fighting
   828 | D        | Noticed a deep elf zephyrmancer
   836 | D        | Killed a deep elf zephyrmancer
   837 | D        | Reached XP level 9. HP: 65/65 MP: 12/12
   844 | D        | Noticed a polar bear
   844 | D        | Noticed a seven-headed hydra
   844 | D        | Noticed a sea snake
   849 | D        | Killed a seven-headed hydra
   849 | D        | Reached ****** piety under Dithmenos
   850 | D        | Reached skill level 15 in Stealth
   855 | D        | Killed a sea snake
   856 | D        | Reached skill level 17 in Stealth
   862 | D        | Learned a level 3 spell: Confusing Touch
   875 | D        | Killed a polar bear
   881 | D        | Noticed a freezing wraith
   882 | D        | Noticed Blork the orc
   882 | D        | Noticed a guardian mummy
   885 | D        | Killed a guardian mummy
   887 | D        | Reached XP level 10. HP: 71/71 MP: 13/13
   895 | D        | Killed Blork the orc
   899 | D        | Noticed a shadow wraith
   902 | D        | Noticed a naga mage
   905 | D        | Noticed a shadow wraith
   906 | D        | Killed a shadow wraith
   917 | D        | Noticed a deep elf pyromancer
  1187 | D        | Reached skill level 18 in Stealth
  1190 | D        | Killed a naga mage
  1240 | D        | Reached skill level 19 in Stealth
  1246 | D        | HP: 1/71 [ufetubus[a ynoxinul] (4)]
  1247 | D        | Slain by an ufetubus

Illustrated notes

Levels and vault maps discovered:
D:        pitsprint [storerooms_1, entrance_room_1, metal_vault_3, armoury_1,
          mini_pit_1, grid_room_1, main_hall_1, silver_pit, the_coven_2,
          the_vestibule_1, steel_vault_4, golden_pit, hallway_of_sentries,
          crystal_vault_6, iron_vault_5, final_vault]

Skill      XL: |  1  2  3  4  5  6  7  8  9 10 |
---------------+-------------------------------+-----
Stealth        | 7 11 17 19 | 19.0
Hexes          | 7 10 | 10.5
Ice Magic      | 2 8 |  8.1
Short Blades   | 10 11 14 | 14.0
Dodging        | 4 |  4.0
Fighting       | 7 11 | 11.8
Spellcasting   | |  2.0

Action                   |  1- 3 |  4- 6 |  7- 9 | 10-12 || total
-------------------------+-------+-------+-------+-------++-------
Melee: Dagger            |     9 |    24 |    12 |       ||    45
       Bite              |       |     2 |     1 |     5 ||     8
       Rapier            |       |       |    10 |    37 ||    47
 Cast: Ensorcelled Hiber |       |     4 |    11 |     9 ||    24
       Confusing Touch   |       |       |       |     4 ||     4
 Abil: Exsanguinate      |     1 |       |       |       ||     1
  Use: Scroll            |       |       |       |     1 ||     1
 Stab: Sleeping          |     4 |    10 |    15 |     8 ||    37
       Confused          |       |       |       |     2 ||     2
Armor: Robe              |       |     1 |     1 |     3 ||     5
Dodge: Dodged            |     5 |    13 |    13 |    38 ||    69

Table legend: (Time is in decaauts)
 A = Elapsed time spent in this place.
 B = Non-inter-level travel time spent in this place.
 C = Inter-level travel time spent in this place.
 D = Time resting spent in this place.
 E = Time spent auto-exploring this place.
 F = Levels seen in this place.
 G = Mean time per level.
                   A        B        C        D        E       F      G
               +--------+--------+--------+--------+--------+-----+--------+
         Total |   1214 |   1103 |    111 |    538 |    113 |   1 | 1214.0 |
       Dungeon |   1214 |   1103 |    111 |    538 |    113 |   1 | 1214.0 |
               +--------+--------+--------+--------+--------+-----+--------+

Top non-repeatable levels by time:
       D: 1214 daAuts
